 Dungeon Crawl Stone Soup version 0.29.1-13-g9f3cf754e1 (webtiles) character file.

Game seed: 11836254105346059834

58 FexLirch the Trooper (level 4, 0/35 HPs)
             Began as a Formicid Abyssal Knight on Jan 28, 2023.
             Was a Priest of Lugonu.
             Killed by divine providence
             ... invoked by an orc priest
              (12 damage)
             ... on level 2 of the Dungeon.
             The game lasted 00:06:50 (2369 turns).

FexLirch the Trooper (Formicid Abyssal Knight)      Turns: 2369, Time: 00:06:50

Health: 0/35       AC:  4    Str: 19    XL:     4   Next: 20%
Magic:  15/15      EV: 11    Int:  6    God:    Lugonu [***...]
Gold:   135        SH:  0    Dex: 12    Spells: 3/3 levels left

rFire   . . .      SeeInvis +   a - +1 spear
rCold   . . .      Faith    .   (no shield)
rNeg    . . .      Spirit   .   o - +0 leather armour of Prudence {rPois Int-4 Dex-2 Slay+4}
rPois   +          Reflect  .   (helmet unavailable)
rElec   .          Harm     .   (no cloak)
rCorr   .          Rampage  .   (no gloves)
Will    .....                   p - +0 pair of boots
Stlth   +.........              (no amulet)
HPRegen 0.11/turn               i - ring of magical power
MPRegen 0.14/turn               (no ring)

@: no status effects
A: permanent stasis, dig shafts and tunnels, antennae 3, four strong arms
a: Dig, Shaft Self, Renounce Religion, Depart the Abyss, Bend Space, Banish


You were on level 2 of the Dungeon.
You worshipped Lugonu.
Lugonu was most pleased with you.
You visited 1 branch of the dungeon, and saw 4 of its levels.
You visited the Abyss 1 time.

You collected 135 gold pieces.

Inventory:

Hand Weapons
 a - a +1 spear (weapon)
Missiles
 h - 2 boomerangs (quivered)
Armour
 d - a +0 scale mail
 o - the +0 leather armour of Prudence (worn) {rPois Int-4 Dex-2 Slay+4}
   (You found it on level 2 of the Dungeon)

   Int:       It affects your intelligence (-4).
   Dex:       It affects your dexterity (-2).
   Slay:      It affects your accuracy & damage with ranged weapons and melee
   (+4).
   rPois:     It protects you from poison.
 p - a +0 pair of boots (worn)
Jewellery
 i - a ring of magical power (left hand)
Scrolls
 f - 2 scrolls of identify {unknown}
 g - a scroll of magic mapping {unknown}
Potions
 b - a potion of cancellation {unknown}
 c - 2 potions of curing {unknown}
 e - a potion of heal wounds {unknown}
 j - a potion of mutation {unknown}
 k - a potion of might {unknown}
 l - a potion of magic {unknown}
 m - a potion of brilliance {unknown}
 n - a potion of haste {unknown}


   Skills:
 - Level 3.2 Fighting
 * Level 2.2 Maces & Flails
 - Level 2.5 Polearms
 - Level 2.1 Armour
 - Level 0.8 Dodging
 + Level 3.2 Invocations


You had 3 spell levels left.
You didn't know any spells.
Your spell library contained the following spells:

 Spells                   Type           Power      Damage    Failure   Level
 Call Canine Familiar     Summ           0%         N/A       87%         3
 Portal Projectile        Hex/Tloc       0%         N/A       87%         3
 Leda's Liquefaction      Hex/Erth       0%         N/A       99%         4


Dungeon Overview and Level Annotations

Branches:
Dungeon (4/15)
 Temple: D:4-7

Altars:

Shops:
D:1 (

Annotations:
D:3 Grinder


Innate Abilities, Weirdness & Mutations

You cannot be hasted, slowed, berserked, paralysed or teleported.
You can dig through walls and to a lower floor.
You have a pair of large antennae on your head. (SInv)
Your four strong arms can wield two-handed weapons with a shield.


Message History

You reach to attack!
You hit Grinder.
Grinder is moderately wounded.
You hit Grinder.
Grinder is heavily wounded.
Grinder hits you.
You writhe in agony.
You completely miss Grinder.
Grinder is heavily wounded.
Grinder hits you.
You writhe in agony.
You are too injured to fight recklessly!
Space bends violently around you!
You blink.
Found 12 gold pieces.
Grinder gestures at you.
Your stasis prevents you from being paralysed.
Found 9 gold pieces.
There is a stone staircase leading up here.
You climb upwards.
There is a stone staircase leading down here.
There is a stone staircase leading down here.
You start resting.
HP restored.
You climb downwards.
Level annotation: Grinder The orc shouts! x3; The orc priest shouts!
The hobgoblin shouts!
The orc shouts!
Found a scale mail.
Found an escape hatch in the ceiling and an escape hatch in the floor.
There is a stone staircase leading up here.
The orc priest hits you with a +2 whip of electrocution.
You are electrocuted!!
Ouch! That really hurt!
You climb upwards.
There is a stone staircase leading down here.
You are too injured to fight recklessly!
Space bends violently around you!
You blink.
The orc priest looks satisfied for a moment.
The orc priest calls down the wrath of Beogh upon you.
You barely resist.
The orc priest looks satisfied for a moment.
There is a stone staircase leading down here.
The orc priest mumbles some strange prayers to Beogh against you.
Beogh smites you!
You die...

### ..#######
........#
.###.#..#
...#....# #######
##.#.##.# #.....#
.#...##.# #.###.#
##### [#.####.#
#.....#######...#
...# #.#
#.##.@...o......#
..## #.#
#.##.########...#
..#####.##
#.##...........##
.........#
#.########>o.#.#
#######..# #.#
#####......#
#....##..###.#
#..........#
..........<..#
#.###......#
##.....#..##.# #.#
##)..#.#
##8..8(#..##.###.#
##.##.#


You could see an orc priest.

Vanquished Creatures
  An adder (D:2)
  A worm (D:2)
  6 ball pythons
  4 endoplasms
  4 giant cockroaches (D:1)
  5 goblins (D:1)
  2 hobgoblins (D:1)
  3 jackals (D:1)
  6 kobolds
  2 quokkas (D:1)
  A bat (D:1)
  4 frilled lizards
  6 rats
45 creatures vanquished.

Vanquished Creatures (others)
  A plant (D:1)
1 creature vanquished.

Grand Total: 46 creatures vanquished

Notes
Turn   | Place    | Note
-------+----------+-------------------------------------------
     0 | Abyss:1  | FexLirch the Formicid Abyssal Knight began the quest for
                  | the Orb.
     0 | Abyss:1  | Reached XP level 1. HP: 18/18 MP: 2/2
     1 | D:1      | Escaped the Abyss
   246 | D:1      | Reached XP level 2. HP: 23/24 MP: 3/3
   264 | D:1      | Found Nanka's Antique Weapon Shoppe.
   339 | D:1      | Reached skill level 1 in Maces & Flails
   344 | D:1      | Reached XP level 3. HP: 26/29 MP: 5/5
   431 | D:1      | Reached *** piety under Lugonu
   619 | D:1      | Found a faded altar of an unknown god.
  1383 | D:2      | Identified the +0 leather armour of Prudence {rPois Int-4
                  | Dex-2 Slay+4}
  1515 | D:2      | Reached XP level 4. HP: 33/35 MP: 6/6
  2041 | D:3      | Noticed Grinder
  2369 | D:2      | Killed from afar by an orc priest

Illustrated notes

Levels and vault maps discovered:
D:1:      minmay_arrival_arboretum_small, layout_loops_ring, serial_shops, shop,
          dreamdust_ecumenical_altar_statues, serial_bayou_ford_a, moated_statue
D:2:      wander_river, layout_loops_ring, ebering_dispersal_statue_hall,
          hangedman_abyss_or_decor_stabs, serial_park_tiny_1
D:3:      layout_rooms, nzn_overflow_gifts_of_might_and_magic,
          uniq_crazy_yiuf_cottage, uniq_grinder, uniq_jessica
D:4:      layout_basic, serial_shops, nicolae_shop_bloodbath_and_beyond,
          kennysheep_mini_moat, nicolae_square_shop, shop,
          kennysheep_generic_room_10, uniq_menkaure

Skill      XL: |  1  2  3 |
---------------+----------+-----
Maces & Flails | 1 2 |  2.2
Invocations    | 3 |  3.2
Fighting       | |  3.2
Polearms       | |  2.5
Armour         | |  2.1
Dodging        | |  0.8

Action                   |  1- 3 |  4- 6 || total
-------------------------+-------+-------++-------
Melee: Spear             |   137 |     6 ||   143
       Punch             |     1 |       ||     1
Throw: Boomerang         |       |     7 ||     7
Invok: Bend Space        |       |     2 ||     2
  Use: Scroll            |       |     1 ||     1
 Stab: Distracted        |     1 |       ||     1
Armor: Scale mail        |    28 |       ||    28
Dodge: Dodged            |    47 |       ||    47
